 Dungeon Crawl Stone Soup version 0.22-a0-305-gd21a89c (webtiles) character file.

4400 grindst0ne the Skirmisher (level 10, -3/79 HPs)
             Began as a Mummy Fighter on Mar 31, 2018.
             Slain by TheNamelessOne's ghost (15 damage)
             ... on level 8 of the Dungeon.
             The game lasted 00:29:19 (10297 turns).

grindst0ne the Skirmisher (Mummy Fighter)          Turns: 10297, Time: 00:29:19

Health: -3/79      AC: 14    Str: 23    XL:     10   Next: 13%
Magic:  11/11      EV:  6    Int:  7    God:
Gold:   85         SH: 11    Dex: 12    Spells: 9/9 levels left

rFire    x . .     SeeInvis .   e - +1 morningstar (protect)
rCold    + . .     Gourm    .   c - +0 shield
rNeg     + + +     Faith    .   k - +0 plate armour
rPois    ∞         Spirit   .   j - +1 hat
rElec    .         Reflect  .   g - +0 cloak
rCorr    .         Harm     .   (no gloves)
MR       +....                  (no boots)
Stlth    ..........             (no amulet)
HPRegen  0.23/turn              (no ring)
MPRegen  0.12/turn              (no ring)

@: no status effects
A: no food or potions, fire vulnerability, cold resistance 1, negative energy
resistance 3, torment resistance, unbreathing
a: no special abilities


You were on level 8 of the Dungeon.
You were not hungry.

You visited 2 branches of the dungeon, and saw 9 of its levels.

You collected 218 gold pieces.
You spent 133 gold pieces at shops.

Inventory:

Hand Weapons
 e - a +1 morningstar of protection (weapon)
Armour
 c - a +0 shield (worn)
 g - a +0 cloak (worn)
 j - a +1 hat (worn)
 k - a +0 plate armour (worn)
Wands
 f - a wand of iceblast (2)
 o - a wand of digging (17)
Scrolls
 d - 4 scrolls of remove curse
 h - 6 scrolls of teleportation
 l - a scroll of enchant armour
 m - a scroll of enchant weapon
 p - a scroll of fear
 q - a scroll of immolation
 r - 2 scrolls of magic mapping {unknown}


   Skills:
 + Level 7.2 Fighting
   Level 2.0(4.5) Axes
 * Level 6.4(6.6) Maces & Flails
 - Level 4.0 Armour
 - Level 4.1 Dodging
 - Level 7.1 Shields
 + Level 1.9 Evocations


You had 9 spell levels left.
You didn't know any spells.

Dungeon Overview and Level Annotations

Branches:
Dungeon (8/15)             Temple (1/1) D:5
   Lair: D:8-11

Altars:
Ashenzari
Cheibriados
Dithmenos
Fedhas
Gozag
Hepliaklqana
Kikubaaqudgha
Makhleb
Nemelex Xobeh
Okawaru
Qazlal
Ru
Sif Muna
Trog
Uskayaw
Vehumet
Wu Jian
Xom
Yredelemnul
Zin
The Shining One

Shops:
D:4 (

Annotations:
D:3 exclusion: downstairs
D:4 exclusion: downstairs
D:7 exclusion: downstairs
D:8 TheNamelessOne's ghost, novice TrMo


Innate Abilities, Weirdness & Mutations

You do not eat or drink.
Your flesh is vulnerable to fire.
You are immune to poison.
Your flesh is cold resistant. (rC+)
You are immune to negative energy. (rN+++)
You are immune to unholy pain and torment.
You can survive without breathing.


Message History

Aiming: Corrosive Bolt
Press: ? - help, Shift-Dir - straight line, f/p - TheNamelessOne's ghost
Aim: TheNamelessOne's ghost (heavily damaged)
The bolt of acid hits TheNamelessOne's ghost.
TheNamelessOne's ghost is splashed with acid.
The acid corrodes TheNamelessOne's ghost!
TheNamelessOne's ghost is severely damaged.
The now-empty wand crumbles to dust.
TheNamelessOne's ghost hits you!
You miss TheNamelessOne's ghost.
TheNamelessOne's ghost is severely damaged.
TheNamelessOne's ghost hits you!
Your shield and plate armour prevent you from hitting TheNamelessOne's ghost.
TheNamelessOne's ghost is severely damaged.
You block TheNamelessOne's ghost's attack.
TheNamelessOne's ghost hits you!!
* * * LOW HITPOINT WARNING * * *
Your plate armour prevents you from hitting TheNamelessOne's ghost.
TheNamelessOne's ghost is severely damaged.
TheNamelessOne's ghost hits you!
You die...

##
#......####
#.
#..........
#.# ###.
#.....)...)
#.#.#.#.
#......>...
....#...
#..........
#.#..>#.
###..........
......
#........##.#
#.##....
#....@W......
.......#
#...........#
#.###...
#...........#
#......#
#.##.##.....#
#.......
###...##....#
##.##.#.
##8...8##...#
# ...#.
#....)..#...#
#####'
#.<.8.<.# ..#
#...
#.......#
#...


You could see TheNamelessOne's ghost.

Vanquished Creatures
  Erica (D:8)
  A two-headed ogre (D:7)
  A hippogriff (D:7)
  A spriggan (D:7)
  Sigmund (D:5)
  A wyvern (D:8)
  Duvessa (D:5)
  2 orc warriors
  An ice beast (D:7)
  A sky beast (D:8)
  2 eyes of draining (D:4)
  A necrophage (D:5)
  2 ogres
  2 centaurs
  A big kobold (D:7)
  A bullfrog (D:6)
  Dowan (D:5)
  A scorpion (D:4)
  5 killer bees (D:7)
  3 howler monkeys
  A crimson imp (D:5)
  A bullfrog skeleton (D:8)
  3 jellies
  An orc priest (D:2)
  A hound (D:4)
  6 orc wizards
  7 worker ants
  A hound zombie (D:5)
  10 gnolls
  5 adders
  A shadow imp (D:7)
  An ooze (D:5)
  5 adder skeletons
  A worm (D:3)
  13 dart slugs
  7 leopard geckos
  23 orcs
  12 bats
  7 giant cockroaches
  9 goblins
  7 hobgoblins
  3 jackals
  5 quokkas
  A ball python (D:3)
  7 frilled lizards
  14 kobolds
  6 rats
188 creatures vanquished.

Vanquished Creatures (others)
  An orc wizard (D:7)
  A kobold (D:2)
2 creatures vanquished.

Grand Total: 190 creatures vanquished

Notes
Turn   | Place    | Note
-------+----------+-------------------------------------------
     0 | D:1      | grindst0ne the Mummy Fighter began the quest for the Orb.
     0 | D:1      | Reached XP level 1. HP: 18/18 MP: 1/1
   152 | D:1      | Reached XP level 2. HP: 17/24 MP: 2/2
   419 | D:1      | Reached skill level 1 in Dodging
   866 | D:1      | Reached XP level 3. HP: 27/29 MP: 3/3
  1936 | D:3      | Reached XP level 4. HP: 34/35 MP: 4/4
  2643 | D:2      | Reached XP level 5. HP: 23/41 MP: 5/5
  3455 | D:4      | Found a bloodstained altar of Trog.
  3455 | D:4      | Noticed an eye of draining
  3486 | D:4      | Killed an eye of draining
  3486 | D:4      | Reached XP level 6. HP: 47/47 MP: 0/6
  3516 | D:4      | Found Utearche's Antique Weapon Shop.
  3794 | D:4      | Reached XP level 7. HP: 22/52 MP: 7/7
  4291 | D:5      | Entered Level 5 of the Dungeon
  4320 | D:4      | Reached skill level 5 in Shields
  4665 | D:5      | Noticed Duvessa
  4724 | D:5      | Noticed Dowan
  5432 | D:5      | Killed Duvessa
  5654 | D:5      | Killed Dowan
  5745 | D:5      | Reached XP level 8. HP: 57/60 MP: 8/8
  5807 | D:5      | Found a staircase to the Ecumenical Temple.
  5900 | D:5      | Noticed Sigmund
  5919 | D:5      | Killed Sigmund
  6107 | D:4      | Bought a runed morningstar for 133 gold pieces
  6250 | D:6      | Reached skill level 1 in Maces & Flails
  6548 | D:6      | Reached skill level 5 in Fighting
  7113 | Temple   | Entered the Ecumenical Temple
  7482 | D:7      | Found an iron altar of Okawaru.
  7484 | D:7      | Found a stormy altar of Qazlal.
  7507 | D:7      | Found a shattered altar of Ashenzari.
  7963 | D:7      | Found a glowing silver altar of Zin.
  7994 | D:7      | Noticed a hippogriff
  8066 | D:7      | Reached XP level 9. HP: 43/69 MP: 9/9
  8297 | D:7      | Found a burning altar of Makhleb.
  8997 | D:8      | Noticed Erica
  9265 | D:8      | Noticed a two-headed ogre
  9422 | D:7      | Killed a two-headed ogre
  9422 | D:7      | Reached skill level 5 in Maces & Flails
  9773 | D:8      | Reached skill level 1 in Evocations
  9817 | D:8      | Noticed TheNamelessOne's ghost (novice TrMo)
 10072 | D:8      | Killed Erica
 10072 | D:8      | Reached XP level 10. HP: 67/79 MP: 9/11
 10297 | D:8      | Slain by TheNamelessOne's ghost

Vault maps used:
D:1:      onia_arrival_pentagram, minmay_split_cup_small
D:2:      minmay_door_path, st_stairs_5
D:3:      kennysheep_slugbush
D:4:      trog_eyes_of_draining, first_ration, serial_shops, shop
D:5:      minmay_temple_entry_nine_rooms, minmay_statues_item, uniq_eustachio,
          uniq_duvessa, uniq_sigmund
D:7:      kennysheep_little_box, grunt_temple_overflow_open, basic_altar,
          the_bakery, cheibrodos_ashenzari_chains
D:8:      kennysheep_steamy, hex_intersection, grunt_ministairs_7, uniq_erica
Temple:   hc_temple_tempest_star

Skill      XL: |  1  2  3  4  5  6  7  8  9 |
---------------+----------------------------+-----
Axes           | 2 |  2.0
Dodging        | 1 2 3 4 |  4.1
Shields        | 3 4 5 6 7 |  7.1
Armour         | 3 4 |  4.0
Fighting       | 4 5 7 |  7.2
Maces & Flails | 3 6 |  6.4
Evocations     | 1 |  1.9

Action                   |  1- 3 |  4- 6 |  7- 9 | 10-12 || total
-------------------------+-------+-------+-------+-------++-------
Melee: War axe           |    79 |       |       |       ||    79
       Short sword       |   119 |   227 |   201 |       ||   547
       Morningstar       |       |       |   369 |    14 ||   383
Evoke: Wand              |       |       |    43 |     6 ||    49
  Use: Scroll            |       |     3 |    10 |       ||    13
 Stab: Distracted        |       |       |     2 |       ||     2
Armor: Scale mail        |   101 |    66 |       |       ||   167
       Plate armour      |       |    31 |   394 |     5 ||   430
Dodge: Dodged            |    60 |    56 |   132 |     1 ||   249
Block: Shield            |   106 |    93 |   374 |     6 ||   579

Table legend:
 A = Spawn XP
 B = Non-spawn XP
 C = Spawn XP percentage of total XP
 D = Spawn monster count
 E = Non-spawn monster count
 F = Spawn count percentage of total count
 G = Total turns spent on level
                    A         B        C        D         E        F      G
               +---------+---------+-------+---------+---------+-------+---------
         Total |       0 |    6286 |   0.0 |       0 |     190 |   0.0 | 10297
               +---------+---------+-------+---------+---------+-------+---------
           D:1 |       0 |      45 |   0.0 |       0 |      29 |   0.0 |  1150
           D:2 |       0 |      85 |   0.0 |       0 |      25 |   0.0 |  1048
           D:3 |       0 |      94 |   0.0 |       0 |      30 |   0.0 |  1352
           D:4 |       0 |     633 |   0.0 |       0 |      21 |   0.0 |  1538
           D:5 |       0 |     883 |   0.0 |       0 |      20 |   0.0 |  1147
           D:6 |       0 |     543 |   0.0 |       0 |      12 |   0.0 |  1014
           D:7 |       0 |    2474 |   0.0 |       0 |      32 |   0.0 |  2225
           D:8 |       0 |    1529 |   0.0 |       0 |      21 |   0.0 |   568
               +---------+---------+-------+---------+---------+-------+---------
